 Dungeon Crawl Stone Soup version 0.28.0 (webtiles) character file.

Game seed: 18074022894662186795

13682 xSliceyx the Eclecticist (level 11, -5/54 HPs)
             Began as a Deep Elf Conjurer on Feb 6, 2022.
             Was an Elder of Vehumet.
             Shot with an arrow by a centaur warrior (20 damage)
             ... on level 11 of the Dungeon on Feb 7, 2022.
             The game lasted 00:49:02 (13117 turns).

xSliceyx the Eclecticist (Deep Elf Conjurer)       Turns: 13117, Time: 00:49:02

Health: -5/54      AC:  6    Str:  4    XL:     11   Next: 78%
Magic:  31/42      EV: 12    Int: 28    God:    Vehumet [****..]
Gold:   640        SH:  0    Dex: 13    Spells: 11/43 levels left

rFire   . . .      SeeInvis .   Q - staff of earth
rCold   . . .      Faith    .   (no shield)
rNeg    . . .      Spirit   .   a - +0 robe
rPois   .          Reflect  .   j - +0 helmet
rElec   .          Harm     .   x - +0 cloak
rCorr   .          Rampage  .   h - +1 Delatra's gloves {ID++}
Will    +....                   (no boots)
Stlth   ++........              c - amulet of the acrobat
HPRegen 0.18/turn               i - ring of magical power
MPRegen 0.28/turn               (no ring)

@: no status effects
A: no striking features
a: Renounce Religion


You were on level 11 of the Dungeon.
You worshipped Vehumet.
Vehumet was greatly pleased with you.
You visited 2 branches of the dungeon, and saw 12 of its levels.

You collected 640 gold pieces.

Inventory:

Hand Weapons
 o - a +0 falchion of holy wrath
 p - the +10 dagger "Xueh" {speed, *Corrode rF++ Int+3}
   (You found it on level 2 of the Dungeon)

   Attacks with this weapon are significantly faster.
   Int:       It affects your intelligence (+3).
   rF:        It greatly protects you from fire.
   *Corrode:  It may corrode you when you take damage.
 L - a +0 long sword of flaming
 V - a +5 long sword of freezing
Missiles
 C - 7 curare-tipped darts
 M - a throwing net
Armour
 a - a +0 robe (worn)
 h - the +1 Delatra's gloves (worn) {ID++}
   (You found it on level 4 of the Dungeon)

   It heals its wearer when they drink unknown potions.
   It restores its wearer's MP when they read unknown scrolls.
 j - a +0 helmet (worn)
 x - a +0 cloak (worn)
Magical Staves
 Q - a staff of earth (weapon)
Jewellery
 c - an amulet of the acrobat (around neck)
 i - a ring of magical power (left hand)
 y - a ring of flight
 G - a ring of magical power
 K - a ring of see invisible
 S - a ring of willpower
Wands
 k - a wand of iceblast (8)
 s - a wand of polymorph (14)
 B - a wand of charming (3)
 I - a wand of acid (6)
 J - a wand of paralysis (10)
Scrolls
 d - a scroll of acquirement {unknown}
 e - 2 scrolls of silence {unknown}
 g - 4 scrolls of teleportation
 l - 6 scrolls of identify
 m - 2 scrolls of fear {unknown}
 n - 6 scrolls of fog
 A - a scroll of enchant weapon {unknown}
 F - a scroll of noise {unknown}
 H - 3 scrolls of blinking {unknown}
 O - a scroll of immolation {unknown}
 R - 2 scrolls of holy word {unknown}
 T - a scroll of amnesia {unknown}
 U - 2 scrolls of magic mapping {unknown}
 X - a scroll of vulnerability {unknown}
Potions
 b - a potion of flight {unknown}
 f - a potion of resistance
 q - 3 potions of brilliance
 r - a potion of heal wounds {unknown}
 t - a potion of berserk rage {unknown}
 u - a potion of curing
 v - 2 potions of cancellation {unknown}
 w - a potion of invisibility {unknown}
 z - 2 potions of degeneration
 D - a potion of might {unknown}
 E - 2 potions of ambrosia {unknown}
 N - a potion of lignification {unknown}
 P - 3 potions of mutation {unknown}
 W - a potion of haste {unknown}


   Skills:
 - Level 2.4 Dodging
 - Level 2.4 Stealth
 + Level 16.5 Spellcasting
 + Level 14.5 Conjurations
 - Level 7.0 Earth Magic


You had 11 spell levels left.
You knew the following spells:

 Your Spells              Type           Power      Damage    Failure   Level
a - Magic Dart            Conj           100%       1d8       0%          1
b - Searing Ray           Conj           100%       2d8       0%          2
c - Dazzling Flash        Conj/Hex       100%       N/A       1%          3
d - Fulminant Prism       Conj/Hex       29%        3d14      1%          4
e - Iskenderun's Mystic   Conj/Tloc      59%        2d12      1%          4
f - Iskenderun's Battles  Conj           81%        2d13      1%          5
g - Sticky Flame          Conj/Fire      59%        2d7       1%          4
h - Swiftness             Air            23%        N/A       6%          3
i - Iron Shot             Conj/Erth      45%        9d9       1%          6

Your spell library contained the following spells:

 Spells                   Type           Power      Damage    Failure   Level
 Lee's Rapid Deconstruct  Erth           38%        3d20*     1%          5
 Shock                    Conj/Air       100%       1d9       1%          1
 Conjure Flame            Conj/Fire      59%        6-21      1%          3
 Ignite Poison            Fire/Tmut/Pois 23%        N/A       1%          3
 Airstrike                Air            11%        N/A       5%          4
 Tukima's Dance           Hex            23%        N/A       6%          3
 Yara's Violent Unravell  Hex/Tmut       11%        3d6       16%         5
 Passage of Golubria      Tloc           23%        N/A       21%         4
 Spellforged Servitor     Conj/Summ      29%        N/A       22%         7


Dungeon Overview and Level Annotations

Branches:
Dungeon (11/15)            Temple (1/1) D:5            Lair (0/6) D:8
    Orc: D:9-12

Altars:
Ashenzari
Cheibriados
Elyvilon
Hepliaklqana
Kikubaaqudgha
Nemelex Xobeh
Qazlal
Ru
Uskayaw
Vehumet
Zin
The Shining One

Shops:
D:3 :   D:5 [   D:8 =

Annotations:
D:9 2 transporters, JJisdabomb's ghost, novice FoFi


Message History

Found a club.
A centaur warrior comes into view.
A centaur warrior is nearby!
Casting: Iron Shot (dangerous; 1% risk of failure)
Confirm with . or Enter, or press ? or * to list all spells.
Aiming: Fulminant Prism (safe; 1% risk of failure)
Press: ? - help, Dir - move target You conjure a prism of explosive energy!
A fulminant prism comes into view.
Your fulminant prism crackles loudly.
Your fulminant prism explodes!
The blast of energy engulfs the centaur warrior!!
The centaur warrior is moderately wounded.
The centaur warrior shouts!
You hear a shout! x2; You hear a bellow! x2
You hear a howl!
Unknown command.
Casting: Fulminant Prism (safe; 1% risk of failure)
Confirm with . or Enter, or press ? or * to list all spells.
You conjure a globe of magical energy.
The centaur warrior wields a +0 shortbow.
The centaur warrior shoots an arrow.
The arrow hits you!!
Casting: Iskenderun's Battlesphere (safe; 1% risk of failure)
Confirm with . or Enter, or press ? or * to list all spells.
Aiming: Fulminant Prism (safe; 1% risk of failure)
Press: ? - help, Dir - move target You conjure a prism of explosive energy!
A fulminant prism comes into view.
Your battlesphere fires!
The barrage of energy hits the centaur warrior!
The centaur warrior is heavily wounded.
The centaur warrior shoots an arrow.
The arrow hits you!
* * * LOW HITPOINT WARNING * * *
Unknown command.
The centaur warrior shoots an arrow.
The arrow hits you.
* * * LOW HITPOINT WARNING * * *
The centaur warrior shoots an arrow.
The arrow closely misses you.
Your fulminant prism crackles loudly.
Unknown command.
You feel better.
The centaur warrior shoots an arrow.
The arrow hits you!!
You die...

.##........... .c......#
#........... ........#
#...........
..*.*...##..##...........
........##..##...........
........##..##...........
........##............##.
........##.^..........##.
........@.............##.
......................##.
......................##.
.........##...........##.
.........##...........##.
.........##......##...##.
.........##......##...#
.........##......##...#
.........##......##...#


You could see a centaur warrior (ally target), a friendly fulminant prism and a
friendly battlesphere.

Vanquished Creatures
  A hydra (D:11)
  5 two-headed ogres
  A manticore (D:9)
  An ugly thing (D:11)
  5 centaur zombies
  Maggie (D:7)
  An efreet (D:9)
  3 kobold demonologists (D:9)
  2 trolls
  6 yaks
  A wraith (D:11)
  2 steam dragons
  Menkaure (D:5)
  Edmund (D:6)
  A water moccasin (D:7)
  Duvessa (D:7)
  A sky beast (D:7)
  5 orc warriors
  An ice beast (D:6)
  A hornet zombie (D:8)
  6 necrophages
  2 ogres
  3 centaurs
  A phantom (D:6)
  2 bullfrogs
  4 kobold brigands
  Blork the orc (D:4)
  A gnoll sergeant (D:5)
  A wyvern zombie (D:8)
  A water moccasin skeleton (D:5)
  2 water moccasin zombies (D:4)
  A wyvern skeleton (D:7)
  2 scorpions (D:5)
  Dowan (D:7)
  14 killer bees
  4 wights
  A jelly (D:5)
  2 howler monkeys (D:10)
  2 crimson imps
  A human zombie (D:4)
  A centaur skeleton (D:5)
  10 hounds
  A bullfrog skeleton (D:6)
  A bullfrog zombie (D:6)
  A gnoll shaman (D:5)
  7 orc priests
  A scorpion zombie (D:4)
  2 iguanas
  9 orc wizards
  A killer bee zombie (D:5)
  A hound zombie (D:4)
  A howler monkey zombie (D:8)
  Robin (D:2)
  13 gnolls
  6 adders
  3 white imps
  An adder zombie (D:4)
  An adder skeleton (D:4)
  2 worms
  A dart slug (D:2)
  39 orcs
  4 bats
  An endoplasm (D:1)
  6 giant cockroaches
  12 goblins
  15 hobgoblins
  3 jackals
  3 quokkas
  6 ball pythons
  3 frilled lizards
  A goblin skeleton (D:4)
  A goblin zombie (D:4)
  A hobgoblin zombie (D:4)
  15 kobolds
  2 kobold skeletons (D:4)
  2 orc skeletons (D:4)
  2 orc zombies (D:4)
  6 rats
279 creatures vanquished.

Vanquished Creatures (others)
  34 fulminant prisms
  4 plants (D:4)
38 creatures vanquished.

Grand Total: 317 creatures vanquished

Notes
Turn   | Place    | Note
-------+----------+-------------------------------------------
     0 | D:1      | xSliceyx the Deep Elf Conjurer began the quest for the Orb.
     0 | D:1      | Reached XP level 1. HP: 10/10 MP: 6/6
   279 | D:1      | Reached XP level 2. HP: 15/15 MP: 2/8
   284 | D:1      | Learned a level 2 spell: Searing Ray
  1047 | D:2      | Reached skill level 4 in Spellcasting
  1119 | D:2      | Found a hazy altar of Hepliaklqana.
  1123 | D:2      | Identified the +10 dagger "Xueh" {speed, *Corrode rF++
                  | Int+3}
  1183 | D:2      | Reached skill level 5 in Conjurations
  1183 | D:2      | Reached XP level 3. HP: 19/19 MP: 5/10
  1509 | D:2      | Noticed Robin
  1513 | D:2      | Reached XP level 4. HP: 24/24 MP: 8/12
  1520 | D:2      | Killed Robin
  1724 | D:2      | Reached skill level 5 in Spellcasting
  2581 | D:3      | Reached XP level 5. HP: 22/28 MP: 8/14
  2896 | D:3      | Learned a level 3 spell: Dazzling Flash
  2901 | D:3      | Learned a level 4 spell: Fulminant Prism
  2906 | D:3      | Learned a level 4 spell: Iskenderun's Mystic Blast
  3140 | D:3      | Found Ycsepoum's Book Shop.
  3564 | D:4      | Noticed a necrophage
  3573 | D:4      | Killed a necrophage
  3574 | D:4      | Reached skill level 6 in Spellcasting
  3574 | D:4      | Reached XP level 6. HP: 19/32 MP: 9/17
  3743 | D:4      | Reached skill level 7 in Spellcasting
  4021 | D:4      | Found an ancient bone altar of Kikubaaqudgha.
  4030 | D:4      | Reached XP level 7. HP: 29/36 MP: 10/20
  4135 | D:4      | Reached skill level 8 in Spellcasting
  4414 | D:4      | Found a snail-covered altar of Cheibriados.
  4414 | D:4      | Found a white marble altar of Elyvilon.
  4663 | D:4      | Reached skill level 9 in Spellcasting
  4774 | D:4      | Noticed Blork the orc
  4786 | D:4      | Killed Blork the orc
  4787 | D:4      | Reached XP level 8. HP: 23/41 MP: 9/23
  5088 | D:4      | Found a glowing golden altar of the Shining One.
  5251 | D:4      | Found the +1 Delatra's gloves {ID++}
  5427 | D:5      | Entered Level 5 of the Dungeon
  5527 | D:5      | Found a staircase to the Ecumenical Temple.
  5536 | Temple   | Entered the Ecumenical Temple
  5555 | Temple   | Became a worshipper of Vehumet
  5684 | D:5      | Noticed Menkaure
  5691 | D:5      | Killed Menkaure
  5697 | D:5      | Reached skill level 10 in Spellcasting
  6157 | D:5      | Reached * piety under Vehumet
  6157 | D:5      | Offered knowledge of Foxfire by Vehumet.
  6164 | D:5      | Learned a level 5 spell: Iskenderun's Battlesphere
  6169 | D:5      | Learned a level 4 spell: Sticky Flame
  6173 | D:5      | Learned a level 3 spell: Swiftness
  6269 | D:5      | Reached skill level 11 in Spellcasting
  6272 | D:5      | Reached skill level 10 in Conjurations
  6490 | D:5      | Reached XP level 9. HP: 45/45 MP: 23/26
  6573 | D:5      | Found Bemnyego's Armour Emporium.
  7454 | D:6      | Reached skill level 12 in Spellcasting
  7706 | D:6      | Noticed Edmund
  7718 | D:6      | Killed Edmund
  7719 | D:6      | Reached ** piety under Vehumet
  7719 | D:6      | Offered knowledge of Poisonous Vapours by Vehumet.
  8500 | D:7      | Reached skill level 13 in Spellcasting
  8700 | D:7      | Noticed Maggie
  8705 | D:7      | Killed Maggie
  8940 | D:7      | Reached XP level 10. HP: 50/50 MP: 29/29
  8947 | D:7      | Learned a level 6 spell: Iron Shot
  9039 | D:7      | Noticed Dowan
  9041 | D:7      | Noticed Duvessa
  9045 | D:7      | Killed Dowan
  9046 | D:7      | Killed Duvessa
  9093 | D:7      | Found a broken altar of Ashenzari.
  9452 | D:8      | Offered knowledge of Scorch by Vehumet.
  9613 | D:8      | Found a staircase to the Lair.
  9690 | D:8      | Reached skill level 14 in Spellcasting
  9805 | D:8      | Found a stormy altar of Qazlal.
 10002 | D:8      | Found Gamad's Jewellery Shoppe.
 10059 | D:8      | Reached *** piety under Vehumet
 10388 | D:9      | Noticed JJisdabomb's ghost (novice FoFi)
 10388 | D:9      | Noticed a boulder beetle
 10391 | D:9      | Found a transporter.
 10394 | D:9      | Found a transporter.
 10401 | D:9      | Reached skill level 1 in Earth Magic
 10503 | D:9      | Noticed a manticore
 10511 | D:9      | Reached skill level 5 in Earth Magic
 10513 | D:9      | Killed a manticore
 10560 | D:9      | Noticed a two-headed ogre
 10564 | D:9      | Killed a two-headed ogre
 10567 | D:9      | Noticed a two-headed ogre
 10570 | D:9      | Killed a two-headed ogre
 10571 | D:9      | Reached XP level 11. HP: 54/54 MP: 24/31
 10853 | D:9      | Identified the +7 shortbow "Goriytwa" {freeze, rElec
                  | Stlth+}
 11090 | D:9      | Offered knowledge of Inner Flame by Vehumet.
 11569 | D:9      | Noticed a two-headed ogre
 11571 | D:9      | Killed a two-headed ogre
 11572 | D:9      | Reached skill level 15 in Spellcasting
 11737 | D:10     | Entered Level 10 of the Dungeon
 12359 | D:10     | Noticed a two-headed ogre
 12361 | D:10     | Killed a two-headed ogre
 12410 | D:10     | Found a sparkling altar of Nemelex Xobeh.
 12489 | D:10     | Reached **** piety under Vehumet
 12769 | D:11     | Noticed an eight-headed hydra
 12771 | D:11     | Noticed a cyan ugly thing
 12776 | D:11     | Killed a cyan ugly thing
 12776 | D:11     | Offered knowledge of Lee's Rapid Deconstruction by Vehumet.
 12777 | D:11     | Killed an eight-headed hydra
 12778 | D:11     | Reached skill level 16 in Spellcasting
 12785 | D:11     | Noticed a two-headed ogre
 12787 | D:11     | Killed a two-headed ogre
 13110 | D:11     | Noticed a centaur warrior
 13117 | D:11     | Shot with an arrow by a centaur warrior

Illustrated notes

Levels and vault maps discovered:
D:1:      minmay_arrival_plants_in_alcoves, layout_basic,
          chequers_serial_rivers_large_a
D:2:      layout_loops_corners, basic_altar, chequers_serial_rivers_room_a,
          minmay_tetromino_o2, uniq_robin
D:3:      layout_loops_ring, serial_shops, nicolae_diamond_shop,
          kennysheep_generic_room_15
D:4:      layout_cave_pools, lemuel_mausoleum_altar_kikubaaqudgha,
          nicolae_tso_besieged_by_evil, mainiacjoe_overflow_divided_tiny,
          serial_bayou_ford_a, pf_guarded_unrand_delatra, uniq_blork_the_orc
D:5:      layout_cave_pools, minmay_temple_entry_large_hall, serial_gnoll_camp,
          gnoll_camp_mini_doghouse, gnoll_camp_mini_basic, gnoll_camp_mini_hut,
          gnoll_camp_mini_shop, kennysheep_small_spiral, uniq_menkaure
D:6:      layout_gridville, uniq_edmund
D:7:      layout_basic, ashenzari_altar_1, uniq_duvessa, uniq_maggie
D:8:      hellmonk_destroyed_diamonds, layout_loops_cross,
          general_overflow_altar, serial_shops, nicolae_lakefront_shop,
          serial_park_tiny_2, minmay_fire_ice_demons
D:9:      cheibrodos_barr_body, layout_long_grid, gammafunk_ghost_arena
D:10:     layout_grid_maze, mainiacjoe_overflow_catwalk
D:11:     layout_long_grid, vehumet_crystals
Temple:   eino_wide_crystal_templ

Skill      XL: |  1  2  3  4  5  6  7  8  9 10 11 |
---------------+----------------------------------+-----
Spellcasting   | 4 5 6 7 9 11 13 14 16 | 16.5
Conjurations   | 5 6 7 8 10 12 14 | 14.5
Earth Magic    | 7 |  7.0
Dodging        | |  2.4
Stealth        | |  2.4

Action                   |  1- 3 |  4- 6 |  7- 9 | 10-12 || total
-------------------------+-------+-------+-------+-------++-------
Melee: Halberd           |       |     2 |       |       ||     2
       Falchion          |       |     2 |       |       ||     2
 Cast: Magic Dart        |    51 |    69 |   153 |    41 ||   314
       Searing Ray       |     5 |    16 |    63 |    24 ||   108
       Fulminant Prism   |       |       |    22 |    13 ||    35
       Swiftness         |       |       |     1 |       ||     1
       Iskenderun's Batt |       |       |     6 |    18 ||    24
       Sticky Flame      |       |       |     3 |       ||     3
       Iron Shot         |       |       |       |    27 ||    27
       Iskenderun's Myst |       |       |       |     1 ||     1
  Use: Scroll            |       |       |       |     5 ||     5
       Potion            |       |       |       |     1 ||     1
 Stab: Sleeping          |       |     1 |       |       ||     1
Armor: Robe              |     2 |     6 |     9 |     4 ||    21
Dodge: Dodged            |     8 |    32 |    37 |    26 ||   103
